 Dungeon Crawl Stone Soup version 0.24-a0-368-g0e0cebd0f3 (webtiles) character file.

Game seed: 1392304256154108875

98 Ijustatesigmund the Cudgeler (level 4, -3/31 HPs)
             Began as an Octopode Fighter on May 29, 2019.
             Was a Follower of Cheibriados.
             Slain by a worker ant (7 damage)
             ... on level 2 of the Dungeon.
             The game lasted 00:02:51 (1640 turns).

Ijustatesigmund the Cudgeler (Octopode Fighter)     Turns: 1640, Time: 00:02:53

Health: -3/31      AC:  1    Str: 18    XL:     4   Next: 69%
Magic:  5/5        EV: 12    Int: 13    God:    Cheibriados [*.....]
Gold:   95         SH:  9    Dex: 15    Spells: 3/3 levels left

rFire    . . .     SeeInvis .   a - +1 flail
rCold    . . .     Gourm    .   b - +0 shield
rNeg     . . .     Faith    .   (helmet restricted)
rPois    +         Spirit   .   (no amulet)
rElec    .         Reflect  .   (no ring)
rCorr    .         Harm     .   (no ring)
MR       +....                  (no ring)
Stlth    ++........             (no ring)
HPRegen  0.10/turn              (no ring)
MPRegen  0.09/turn              (no ring)
                                (no ring)
                                (no ring)

@: very slow
A: almost no armour, stealthy swim, amphibious, 8 rings, constrict 8, camouflage
1, low mp 1, magic resistance 1, poison resistance, gelatinous body 1, evolution
1
a: Bend Time, Renounce Religion


You were on level 2 of the Dungeon.
You worshipped Cheibriados.
Cheibriados was aware of your devotion.
You were hungry.

You visited 1 branch of the dungeon, and saw 2 of its levels.

You collected 95 gold pieces.

Inventory:

Hand Weapons
 a - a +1 flail (weapon)
Armour
 b - a +0 shield (worn)
Scrolls
 e - 2 scrolls of teleportation
 g - 3 scrolls of identify
 h - a scroll of fog
Potions
 c - 3 potions of might
 f - a potion of flight
 i - a potion of brilliance
 k - 2 potions of agility
Comestibles
 d - 3 rations


   Skills:
 + Level 3.1 Fighting
 + Level 4.0 Maces & Flails
 - Level 3.0 Dodging
 - Level 3.0 Shields
 + Level 2.1 Invocations


You had 3 spell levels left.
You didn't know any spells.
Your spell library was empty.

Dungeon Overview and Level Annotations

Branches:
Dungeon (2/15)

Altars:
Cheibriados
Uskayaw


Innate Abilities, Weirdness & Mutations

You cannot wear most types of armour.
You are very stealthy in the water. (Stealth+)
You are amphibious.
You can wear up to eight rings at the same time.
You can use your tentacles to constrict eight enemies at once.
Your skin changes colour to match your surroundings (Stealth+).
Your rubbery body absorbs attacks. (AC +1, EV +1)
Your magical capacity is low. (-10% MP)
You are resistant to hostile enchantments. (MR+)
Your system is resistant to poisons. (rPois)
You evolve.


Message History

Your grab misses the worker ant.
The worker ant is almost dead.
The worker ant closely misses you. The worker ant bites you.
You are too injured to fight recklessly!
You are too injured to fight recklessly!
A worker ant is nearby!
You hit the worker ant but do no damage.
Your grab misses the worker ant.
The worker ant is almost dead.
You block the worker ant's attack.
You completely miss the worker ant. Your grab misses the worker ant.
The worker ant is almost dead.
You block the worker ant's attack.
Your shield prevents you from hitting the worker ant.
Your grab misses the worker ant.
The worker ant is almost dead.
The worker ant bites you!
* * * LOW HITPOINT WARNING * * *
The worker ant bites you!
You die...

#.######
##.##
#......#
#..#
###..#..#
##.#
####.##.##
#.# #....#
⌠.# # #.#
#....##.##.#
#.#
#.>....#..#
#.##
#........#
#(.#
#....@.###
##(#
##'#.a.# #(.
#.#.#.# ##.
#...#.# #.
#####.# ##
.# # .# # ..


You could see a worker ant.

Vanquished Creatures
  5 adders (D:2)
  A gnoll (D:1)
  A worm (D:2)
  A dart slug (D:2)
  A ball python (D:2)
  3 bats
  A giant cockroach (D:1)
  5 goblins
  6 hobgoblins
  10 kobolds
  2 frilled lizards (D:1)
  4 rats (D:1)
40 creatures vanquished.

Notes
Turn   | Place    | Note
-------+----------+-------------------------------------------
     0 | D:1      | Ijustatesigmund the Octopode Fighter began the quest for
                  | the Orb.
     0 | D:1      | Reached XP level 1. HP: 16/16 MP: 1/1
   317 | D:1      | Reached skill level 3 in Maces & Flails
   317 | D:1      | Reached XP level 2. HP: 21/21 MP: 2/2
   469 | D:1      | Found a snail-covered altar of Cheibriados.
   473 | D:1      | Became a worshipper of Cheibriados the Contemplative
   493 | D:1      | Reached XP level 3. HP: 19/26 MP: 3/3
   625 | D:1      | Gained mutation: You are resistant to hostile enchantments.
                  | (MR+) [potion of mutation]
   625 | D:1      | Gained mutation: You evolve. [potion of mutation]
   625 | D:1      | Gained mutation: Your magical capacity is low. (-10% MP)
                  | [potion of mutation]
   625 | D:1      | Gained mutation: Your system is resistant to poisons.
                  | (rPois) [potion of mutation]
   994 | D:2      | Reached skill level 1 in Invocations
   997 | D:2      | Reached * piety under Cheibriados
  1039 | D:2      | Found a hide-covered altar of Uskayaw.
  1092 | D:2      | Reached XP level 4. HP: 21/31 MP: 4/4
  1444 | D:2      | Reached skill level 4 in Maces & Flails
  1640 | D:2      | Slain by a worker ant

Levels and vault maps discovered:
D:1:      shiori_arrival_oz, layout_basic, cheibriados_altar_1
D:2:      layout_basic, eat_drink_and_be_merry_uskayaw, first_ration,
          minmay_misc_feat_roman, grunt_decor_one_mirror,
          uniq_crazy_yiuf_cottage

Skill      XL: |  1  2  3  4 |
---------------+-------------+-----
Maces & Flails | 3 4 |  4.0
Invocations    | 1 2 |  2.1
Fighting       | |  3.1
Dodging        | |  3.0
Shields        | |  3.0

Action                   |  1- 3 |  4- 6 || total
-------------------------+-------+-------++-------
Melee: Flail             |    62 |    22 ||    84
       Constrict         |    18 |     3 ||    21
       Tentacles         |     5 |     4 ||     9
  Use: Scroll            |     7 |       ||     7
       Potion            |     1 |       ||     1
 Stab: Sleeping          |     6 |     2 ||     8
       Distracted        |     1 |       ||     1
  Eat: Chunk             |     1 |       ||     1
Armor: Skin              |     2 |     3 ||     5
Dodge: Dodged            |    22 |    11 ||    33
Block: Shield            |    23 |    15 ||    38

Table legend:
 A = Non-vault XP
 B = Vault XP
 C = Vault XP percentage of total XP
 D = Non-vault monster count
 E = Vault monster count
 F = Vault count percentage of total count
                 A         B        C        D         E       F
            +---------+---------+-------+---------+---------+-------
      Total |     136 |       4 |   2.9 |      38 |       2 |   5.0
            +---------+---------+-------+---------+---------+-------
        D:1 |      44 |       4 |   8.3 |      21 |       2 |   8.7
        D:2 |      92 |       0 |   0.0 |      17 |       0 |   0.0
            +---------+---------+-------+---------+---------+-------
